 Dungeon Crawl Stone Soup version 0.21-a0-279-g6037ffb (webtiles) character file.

16 tidbits the Grave Robber (level 2, 8/20 HPs)
             Began as a Draconian Necromancer on Sept 23, 2017.
             Quit the game on level 2 of the Dungeon.
             The game lasted 00:02:03 (299 turns).

tidbits the Grave Robber (Draconian Necromancer)     Turns: 299, Time: 00:02:03

Health: 8/20       AC:  4    Str: 10    XL:     2   Next: 37%
Magic:  1/5        EV:  9    Int: 15    God:
Gold:   15         SH:  0    Dex: 11    Spells: 3/5 levels left

rFire    . . .     SeeInvis .   d - +0 dagger
rCold    . . .     Gourm    .   (no shield)
rNeg     . . .     Faith    .   (armour unavailable)
rPois    .         Spirit   .   (helmet restricted)
rElec    .         Reflect  .   (no cloak)
rCorr    .         Harm     .   (no gloves)
MR       .....                  (no boots)
Stlth    ++........             (no amulet)
HPRegen  0.06/turn              e - -3 ring of evasion (curse)
MPRegen  0.09/turn              (no ring)

@: very slightly contaminated
A: unfitting armour, cold-blooded, AC +4
a: no special abilities


You were on level 2 of the Dungeon.
You were not hungry.

You visited 1 branch of the dungeon, and saw 2 of its levels.

You collected 15 gold pieces.

Inventory:

Hand Weapons
 d - a +0 dagger (weapon)
Armour
 f - a +0 large shield
Jewellery
 e - a cursed -3 ring of evasion (left hand)
   (You found it on level 1 of the Dungeon)
Potions
 g - a potion of heal wounds {unknown}
 h - 2 potions of haste {unknown}
Books
 a - a book of Necromancy

   Spells                             Type                      Level
   a - Pain                           Necromancy                   1
   b - Animate Skeleton               Necromancy                   1
   c - Vampiric Draining              Necromancy                   3
   d - Regeneration                   Charms/Necromancy            3
   e - Animate Dead                   Necromancy                   4
   f - Control Undead                 Necromancy                   4
Comestibles
 b - a bread ration
 c - 2 meat rations


   Skills:
 - Level 1.7 Dodging
 - Level 1.7 Stealth
 + Level 2.2 Spellcasting
 * Level 4.4 Necromancy


You had 3 spell levels left.
You knew the following spells:

 Your Spells              Type           Power        Failure   Level  Hunger
n - Animate Skeleton      Necr           N/A          3%          1    #......
z - Pain                  Necr           ###.         3%          1    #......


Dungeon Overview and Level Annotations

Branches:
Dungeon (2/15)

Altars:


Innate Abilities, Weirdness & Mutations

Your plain brown scales are hard. (AC +4)
You cannot fit into any form of body armour.
You are cold-blooded and may be slowed by cold attacks.


Message History

You swing at nothing.
You swing at nothing.
You swing at nothing.
You swing at nothing.
You swing at nothing.
You swing at nothing.
You swing at nothing.
You swing at nothing.
You swing at nothing.
You swing at nothing.
You swing at nothing.
Wield which item (- for none, * to show all)? (? for menu, Esc to quit)
d - a +0 dagger (weapon)
Found a stone staircase leading down.
You see here a dagger.
Found 2 fuming golden potions.
h - 2 fuming golden potions
There is a stone staircase leading down here.
You climb downwards.
Found 24 stones and 15 gold pieces.
There is a stone staircase leading up here.
You now have 15 gold pieces.
Found a meat ration.
Found 14 poisoned needles.
A kobold comes into view. It is wielding a dagger.
The kobold shouts!
You hear a shout!
The kobold throws a stone.
The stone barely misses you.
You see here a stone.
The kobold throws a stone.
The stone closely misses you.
Things that are here:
a stone; a meat ration
Casting: Pain
Confirm with . or Enter, or press ? or * to list all spells.
You can't see any susceptible monsters within range! (Use Z to cast anyway.)
The kobold throws a stone.
The stone hits you but does no damage.
You see here a stone.
Casting: Pain
Confirm with . or Enter, or press ? or * to list all spells.
Aiming: Pain
Press: ? - help, Shift-Dir - straight line, f - kobold
Aim: a kobold, wielding a dagger (chance to defeat MR: 85%)
The kobold barely resists.
Things that are here:
a stone; a meat ration
Casting: Pain
Confirm with . or Enter, or press ? or * to list all spells.
Aiming: Pain
Press: ? - help, Shift-Dir - straight line, f/p - kobold
Aim: a kobold, wielding a dagger (chance to defeat MR: 85%)
The kobold writhes in agony!
You kill the kobold!
c - 2 meat rations (gained 1)
A hobgoblin comes into view.
The hobgoblin shouts!
A goblin comes into view.
Casting: Pain
Confirm with . or Enter, or press ? or * to list all spells.
Aiming: Pain
Press: ? - help, Shift-Dir - straight line, f - hobgoblin
Aim: a hobgoblin (chance to defeat MR: 85%)
The hobgoblin writhes in agony!
Casting: Pain
Confirm with . or Enter, or press ? or * to list all spells.
Aiming: Pain
Press: ? - help, Shift-Dir - straight line, f/p - hobgoblin
Aim: a hobgoblin (almost dead, chance to defeat MR: 85%)
You miscast Pain.
You are very lightly contaminated with residual magic.
Nothing appears to happen.
Casting: Pain
Confirm with . or Enter, or press ? or * to list all spells.
Aiming: Pain
Press: ? - help, Shift-Dir - straight line, f/p - hobgoblin
Aim: a hobgoblin (almost dead, chance to defeat MR: 85%)
The hobgoblin writhes in agony!
You kill the hobgoblin!
A kobold comes into view.
You hit the goblin.
The goblin is heavily wounded.
The goblin hits you but does no damage.
The kobold throws a stone.
The stone hits you but does no damage.
You closely miss the goblin.
The goblin is heavily wounded.
The goblin hits you.
* * * LOW HITPOINT WARNING * * *
The goblin hits you but does no damage.
You closely miss the goblin.
The goblin is heavily wounded.
The goblin hits you.
* * * LOW HITPOINT WARNING * * *
You closely miss the goblin.
The goblin is heavily wounded.
The goblin barely misses you.
You closely miss the goblin.
The goblin is heavily wounded.
The goblin closely misses you.
You hit the goblin.
You kill the goblin!
The kobold barely misses you.
Are you sure you want to abandon this character and quit the game? (Confirm with "yes".)

#.....# #.#.###
#####.#.#
#.......#####
#.##.(........
####.##(#........
#....#.(#.#####(.
#.........# #
#...(@....#
#....†K)..#
#............
#.........#..
#...........#
............##
.............#
.##......###..


You could see a kobold.

Vanquished Creatures
  2 giant cockroaches (D:1)
  3 goblins
  A hobgoblin (D:2)
  3 jackals (D:1)
  3 kobolds
  A rat (D:1)
13 creatures vanquished.

Notes
Turn   | Place    | Note
-------+----------+-------------------------------------------
     0 | D:1      | tidbits the Draconian Necromancer began the quest for the Orb.
     0 | D:1      | Reached XP level 1. HP: 14/14 MP: 3/3
   163 | D:1      | Learned a level 1 spell: Animate Skeleton
   209 | D:1      | Reached XP level 2. HP: 17/20 MP: 1/5
   299 | D:2      | Quit the game

Vault maps used:
D:1:      dpeg_arrival_erosion
D:2:      serial_bayou_lake_a

Action                   || total
-------------------------++-------
Melee: Dagger            ||    22
       Tailslap          ||     5
 Cast: Pain              ||    17
Armor: Skin              ||    10
Dodge: Dodged            ||    12

Table legend:
 A = Spawn XP
 B = Non-spawn XP
 C = Spawn XP percentage of total XP
 D = Spawn monster count
 E = Non-spawn monster count
 F = Spawn count percentage of total count
 G = Total turns spent on level
                    A         B        C        D         E        F      G
               +---------+---------+-------+---------+---------+-------+---------
         Total |       0 |      23 |   0.0 |       0 |      13 |   0.0 |   299
               +---------+---------+-------+---------+---------+-------+---------
           D:1 |       0 |      18 |   0.0 |       0 |      10 |   0.0 |   270
           D:2 |       0 |       5 |   0.0 |       0 |       3 |   0.0 |    29
               +---------+---------+-------+---------+---------+-------+---------

Table legend:
 A = Turns spent in this place as a percentage of turns spent in the entire game.
 B = Non-inter-level travel turns spent in this place as a percentage of non-inter-level travel turns spent in the entire game.
 C = Inter-level travel turns spent in this place as a percentage of turns spent in this place.
 D = Turns resting spent in this place as a percentage of non-inter-level travel turns spent in this place.
 E = Turns spent auto-exploring this place as a percentage of non-inter-level travel turns spent in this place.
 F = Non-inter-level travel turns spent in this place divided by the number of levels of this place that you've seen.
                   A       B       C       D       E      F
               +-------+-------+-------+-------+-------+----------------------
         Total | 100.0 | 100.0 |   0.0 |   0.0 |   0.0 | 149.5
       Dungeon | 100.0 | 100.0 |   0.0 |   0.0 |   0.0 | 149.5
               +-------+-------+-------+-------+-------+----------------------

Table legend:
 A = Kills in this place as a percentage of kills in entire the game.
 B = Kills by you in this place as a percentage of kills by you in the entire game.
 C = Kills by friends in this place as a percentage of kills by friends in the entire game.
 D = Other kills in this place as a percentage of other kills in the entire game.
 E = Experience gained in this place as a percentage of experience gained in the entire game.
 F = Experience gained in this place divided by the number of levels of this place that you have seen.
                   A       B       C       D       E      F
               +-------+-------+-------+-------+-------+----------------------
         Total | 100.0 | 100.0 |   N/A |   N/A | 100.0 |  11.5
       Dungeon | 100.0 | 100.0 |   N/A |   N/A | 100.0 |  11.5
               +-------+-------+-------+-------+-------+----------------------

Vault maps used:
D:1:      dpeg_arrival_erosion
D:2:      serial_bayou_lake_a
